 Dungeon Crawl Stone Soup version 0.30-b1-2-g02819fbbbe (webtiles) character file.

Game seed: 12633794714661329990

1138 nightchill the Chopper (level 8, -5/64 HPs)
             Began as a Demonspawn Fighter on Sept 6, 2023.
             Was an Initiate of Qazlal.
             Slain by an orc warrior
             ... wielding a +0 glaive
              (10 damage)
             ... on level 6 of the Dungeon.
             The game lasted 00:10:29 (3943 turns).

nightchill the Chopper (Demonspawn Fighter)         Turns: 3943, Time: 00:10:30

Health: -5/64      AC:  9    Str: 24    XL:     8   Next: 14%
Magic:  10/10      EV:  9    Int: 10    God:    Qazlal [......]
Gold:   301        SH: 10    Dex: 13    Spells: 7/7 levels left

rFire   . . .        a - +0 war axe
rCold   x . .        c - +0 buckler
rNeg    + . .        b - +0 scale mail
rPois   .            J - +0 helmet of Tiqe {rN+}
rElec   .            (no cloak)
rCorr   .            (no gloves)
SInv    +            H - +0 pair of boots
Will    .....        x - amulet of the acrobat Stlth
                     k - ring of see invisible
HPRegen 0.30/turn    E - +6 ring of strength
MPRegen 0.12/turn

%: acrobat
@: studying Short Blades
A: large bone plates 2, foul stench 2, powered by death 1, demonic touch 1,
shaggy fur 1, cold vulnerability 1
a: Renounce Religion


You were on level 6 of the Dungeon.
You worshipped Qazlal.
Qazlal was noncommittal.
You visited 1 branch of the dungeon, and saw 6 of its levels.

You collected 301 gold pieces.

Inventory:

Hand Weapons
 a - a +0 war axe (weapon)
 o - a +2 dagger of venom
Armour
 b - a +0 scale mail (worn)
 c - a +0 buckler (worn)
 j - a +0 leather armour of poison resistance
 q - a scarf of invisibility
 F - a +2 helmet
 H - a +0 pair of boots (worn)
 J - the +0 helmet of Tiqe (worn) {rN+}
   (You found it on level 5 of the Dungeon)

   rN:        It protects you from negative energy.
Magical Staves
 p - a staff of earth
Jewellery
 h - a ring of magical power
 i - a ring of fire
 k - a ring of see invisible (left hand)
 l - a ring of positive energy
 m - a +5 ring of evasion
 x - an amulet of the acrobat (around neck)
 y - the ring "Keahun" {rElec rF- rC+ Dex+8}
   (You found it on level 3 of the Dungeon)

   [ring of protection from cold]

   Dex:       It affects your dexterity (+8).
   rF:        It makes you vulnerable to fire.
   rC:        It protects you from cold.
   rElec:     It insulates you from electricity.
 E - a +6 ring of strength (right hand)
 K - a +6 ring of dexterity
Wands
 D - a wand of paralysis (10)
Scrolls
 e - 2 scrolls of enchant armour {unknown}
 f - 3 scrolls of teleportation {unknown}
 n - 4 scrolls of blinking {unknown}
 u - 11 scrolls of identify {unknown}
 v - a scroll of torment {unknown}
 w - 2 scrolls of poison {unknown}
 C - a scroll of fog {unknown}
 I - a scroll of noise {unknown}
 L - a scroll of magic mapping {unknown}
 M - a scroll of amnesia {unknown}
Potions
 d - a potion of might
 g - a potion of mutation
 r - a potion of resistance {unknown}
 s - 2 potions of haste {unknown}
 t - a potion of curing {unknown}
 z - a potion of lignification {unknown}
 A - 2 potions of heal wounds {unknown}
 B - a potion of invisibility {unknown}
 G - a potion of flight {unknown}


   Skills:
 + Level 6.1 Fighting
 * Level 7.1 Axes
 - Level 2.6 Armour
 - Level 2.6 Shields
 + Level 3.2 Invocations


You had 7 spell levels left.
You didn't know any spells.
Your spell library contained the following spells:

 Spells                   Type           Power      Damage    Failure   Level
 Lesser Beckoning         Tloc           0%         N/A       86%         2
 Poisonous Vapours        Pois/Air       0%         N/A       86%         2
 Gell's Gravitas          Tloc           0%         N/A       98%         3
 Mephitic Cloud           Conj/Pois/Air  0%         N/A       98%         3
 Teleport Other           Tloc           0%         N/A       98%         3
 Freezing Cloud           Conj/Ice/Air   0%         6-21      100%        5


Dungeon Overview and Level Annotations

Branches:
Dungeon (6/15)             Temple (0/1) D:6

Altars:
Ashenzari
Qazlal


Innate Abilities, Weirdness & Mutations

You are mostly covered in large bone plates. (SH +6)
You sometimes emit foul miasma when damaged in melee.
You regenerate a little health from kills.
Your touch may inflict minor irresistible damage on your foes.
You are covered in fur. (AC +1)
You are vulnerable to cold. (rC-)


Message History

You barely miss the orc. The orc closely misses you.
You slash the orc!
You kill the orc!
Qazlal accepts your kill.
Found a stone staircase leading down.
You block the orc warrior's attack.
You barely miss the orc warrior.
The orc warrior hits you with a +0 glaive!!
You completely miss the orc warrior. You closely miss the orc.
The orc warrior hits you with a +0 glaive.
You block the orc's attack.
You are too injured to fight recklessly!
You are too injured to fight recklessly!
You closely miss the orc warrior. You barely miss the orc.
The orc warrior hits you with a +0 glaive!!
* * * LOW HITPOINT WARNING * * *
The orc barely misses you.
You hit the orc warrior.
The orc warrior is lightly wounded.
You barely miss the orc.
The orc warrior hits you with a +0 glaive.
* * * LOW HITPOINT WARNING * * *
You emit a cloud of foul miasma!
The orc hits you but does no damage. You block the orc's attack.
The orc warrior is engulfed in dark miasma.
The orc warrior is poisoned.
The orc warrior hits you with a +0 glaive!
* * * LOW HITPOINT WARNING * * *
You closely miss the orc warrior.
The orc warrior is moderately wounded.
You hit the orc.
The orc warrior is engulfed in dark miasma.
The orc warrior looks even sicker.
The orc warrior barely misses you. The orc hits you with a +0 short sword.
* * * LOW HITPOINT WARNING * * *
It was a potion of mutation.
You feel extremely strange.
You feel vulnerable to cold. Fur sprouts all over your body.
The orc warrior is engulfed in dark miasma.
The orc warrior looks even sicker.
The orc warrior hits you with a +0 glaive!
You die...

.### >...#####
.......# .
#...#.####......#
...#.#.....#......#
....>.$)...#.....?#
.#.#o@...#......#
#...#o...+......+
...........#......#
..###.$...........#
. #.............#
#######.......#
####.......#
#..........#
#....†######


You could see an orc warrior (very poisoned) and an orc.

Vanquished Creatures
  A water moccasin (D:6)
  An orc warrior (D:5)
  A black bear (D:4)
  2 sky beasts
  An ogre (D:4)
  A centaur (D:5)
  2 scorpions
  2 hounds
  2 orc priests
  An iguana (D:5)
  2 orc wizards (D:5)
  4 gnolls
  7 adders
  2 worms
  2 dart slugs
  16 orcs
  2 bats (D:1)
  7 endoplasms
  5 goblins
  3 hobgoblins
  6 quokkas
  12 ball pythons
  A frilled lizard (D:2)
  11 kobolds
  5 rats (D:1)
99 creatures vanquished.

Vanquished Creatures (others)
  2 fungi (D:1)
  A plant (D:1)
3 creatures vanquished.

Grand Total: 102 creatures vanquished

Notes
Turn   | Place    | Note
-------+----------+-------------------------------------------
     0 | D:1      | nightchill the Demonspawn Fighter began the quest for the
                  | Orb.
     0 | D:1      | Reached XP level 1. HP: 18/18 MP: 1/1
    75 | D:1      | Reached skill level 2 in Axes
   170 | D:1      | Gained mutation: You are partially covered in large bone
                  | plates. (SH +4) [demonic ancestry]
   170 | D:1      | Reached XP level 2. HP: 24/24 MP: 2/2
   403 | D:1      | Found a faded altar of an unknown god.
   614 | D:1      | Gained mutation: You may rarely emit foul miasma when
                  | damaged in melee. [demonic ancestry]
   614 | D:1      | Reached XP level 3. HP: 29/29 MP: 3/3
   746 | D:2      | Reached skill level 3 in Axes
   907 | D:2      | Found a broken altar of Ashenzari.
  1517 | D:3      | Gained mutation: You regenerate a little health from kills.
                  | [demonic ancestry]
  1517 | D:3      | Reached XP level 4. HP: 22/37 MP: 4/4
  2036 | D:3      | Identified the ring "Keahun" {rElec rF- rC+ Dex+8}
  2171 | D:4      | Noticed a sky beast
  2306 | D:4      | Killed a sky beast
  2307 | D:4      | Reached skill level 4 in Axes
  2307 | D:4      | Reached XP level 5. HP: 34/43 MP: 5/5
  2456 | D:4      | Gained mutation: You are mostly covered in large bone
                  | plates. (SH +6) [demonic ancestry]
  2456 | D:4      | Reached XP level 6. HP: 44/49 MP: 6/6
  2683 | D:4      | Reached skill level 5 in Axes
  2737 | D:4      | Reached skill level 5 in Fighting
  2792 | D:5      | Entered Level 5 of the Dungeon
  2887 | D:5      | Gained mutation: You sometimes emit foul miasma when
                  | damaged in melee. [demonic ancestry]
  2887 | D:5      | Reached XP level 7. HP: 16/56 MP: 7/7
  3018 | D:5      | Identified the +0 helmet of Tiqe {rN+}
  3092 | D:5      | Reached skill level 6 in Axes
  3171 | D:5      | Found a stormy altar of Qazlal.
  3278 | D:5      | Became a worshipper of Qazlal Stormbringer
  3425 | D:5      | Reached skill level 1 in Invocations
  3758 | D:6      | Reached skill level 7 in Axes
  3758 | D:6      | Gained mutation: Your touch may inflict minor irresistible
                  | damage on your foes. [demonic ancestry]
  3758 | D:6      | Reached XP level 8. HP: 46/64 MP: 8/10
  3927 | D:6      | Found a staircase to the Ecumenical Temple.
  3943 | D:6      | Gained mutation: You are vulnerable to cold. (rC-) [potion
                  | of mutation]
  3943 | D:6      | Gained mutation: You are covered in fur. (AC +1) [potion of
                  | mutation]
  3943 | D:6      | Slain by an orc warrior

Illustrated notes

Levels and vault maps discovered:
D:1:      giann_bridges, layout_basic, dreamdust_ecumenical_altar_grove
D:2:      layout_rooms, basic_altar, grunt_ministairs_9
D:3:      layout_loops_ring
D:4:      layout_rooms, minmay_manual_moon
D:5:      layout_cave_pools, kennysheep_mini_moat, guppyfry_early_orc_mine
D:6:      layout_basic, minmay_temple_entry_crystal_x

Skill      XL: |  1  2  3  4  5  6  7  8 |
---------------+-------------------------+-----
Axes           | 2 3 4 5 7 |  7.1
Fighting       | 4 5 6 |  6.1
Invocations    | 2 3 |  3.2
Armour         | |  2.6
Shields        | |  2.6

Action                     |  1- 3 |  4- 6 |  7- 9 || total
---------------------------+-------+-------+-------++-------
  Melee: War axe           |   120 |   109 |    99 ||   328
    Use: Potion            |       |       |     1 ||     1
 Armour: Scale mail        |    49 |    49 |    25 ||   123
  Dodge: Dodged            |    42 |    52 |    27 ||   121
  Block: Buckler           |    37 |    78 |    54 ||   169
